 Dungeon Crawl Stone Soup version 0.31-a0-174-g85c54bcb58 (webtiles) character file.

Game seed: 3831908770573795157

32 qw the Shooter (level 3, 0/32 HPs)
             Began as a Naga Hunter on June 15, 2023.
             Succumbed to a goblin's poison
             ... on level 2 of the Dungeon.
             The game lasted 00:00:18 (764 turns).

qw the Shooter (Naga Hunter)                         Turns: 764, Time: 00:00:19

Health: 0/32       AC:  6    Str: 13    XL:     3   Next: 25%
Magic:  3/3        EV:  9    Int:  9    God:
Gold:   71         SH:  0    Dex: 16    Spells: 2/2 levels left

rFire   . . .        Y - +0 shortbow
rCold   . . .        (shield currently unavailable)
rNeg    . . .        c - +0 leather armour
rPois   +            (no helmet)
rElec   .            (no cloak)
rCorr   .            (no gloves)
SInv    +            (no barding)
Will    .....        (no amulet)
Stlth   ++           e - +4 ring of protection
HPRegen 0.25/turn    (no ring)
MPRegen 0.08/turn

%: no passive effects
@: lethally poisoned (0 -> -17), short of breath, very slow
A: AC +1, large, see invisible, deformed body, poison resistance, slowness 2,
spit poison 1, naga tail 1
a: Spit Poison


You were on level 2 of the Dungeon.
You visited 1 branch of the dungeon, and saw 2 of its levels.

You collected 71 gold pieces.


Innate Abilities, Weirdness & Mutations

Your serpentine skin is tough. (AC +1)
You have supernaturally acute eyesight. (SInv)
Armour fits poorly on your strangely shaped body.
Your system is resistant to poisons. (rPois)
You cover ground very slowly.
You can spit poison.
You have a snake-like lower body.


   Skills:
 - Level 2.0 Fighting
 + Level 4.6 Ranged Weapons
 - Level 1.5 Dodging
 - Level 1.5 Stealth


You had 2 spell levels left.
You didn't know any spells.
Your spell library was empty.

Inventory:

Hand Weapons
 Y - a +0 shortbow (weapon)
Armour
 c - a +0 leather armour (worn)
Jewellery
 e - a +4 ring of protection (left hand)
Scrolls
 a - a scroll of revelation {unknown}
Potions
 b - a potion of might {unknown}
 f - a potion of haste {unknown}
 g - a potion of cancellation {unknown}
 h - a potion of curing {unknown}

Dungeon Overview and Level Annotations

Branches:
Dungeon (2/15)

Altars:


Message History

A goblin comes into view. It is wielding a +2 dagger of venom.
The jackal bites you but does no damage.
You shoot an arrow. The arrow barely misses the jackal.
You have got your breath back.
The jackal bites you. The jackal closely misses you.
The jackal barely misses you. The jackal closely misses you.
760 ||| INVOKING Spit Poison.
Aiming: Spit Poison (2% risk of failure)
Press: ? - help, Shift-Dir - straight line, f/p - jackal The splash of poison hits the jackal!
The jackal is poisoned.
You kill the jackal!
The goblin hits you with a +2 dagger of venom.
You are poisoned.
The jackal closely misses you. The ball python closely misses you.
You shoot an arrow.
The arrow hits the ball python but does no damage.
You feel sick. The jackal bites you.
The goblin hits you with a +2 dagger of venom.
You are more poisoned.
The ball python bites you. The jackal completely misses you.
The goblin barely misses you.
You shoot an arrow.
The arrow barely misses the ball python.
You have got your breath back.
You feel very sick. The ball python bites you. The jackal bites you.
The goblin hits you but does no damage.
The ball python bites you but does no damage.
763 ||| INVOKING Spit Poison.
Aiming: Spit Poison (2% risk of failure)
Press: ? - help, Shift-Dir - straight line, f/p - ball python The splash of poison hits the ball python!
The ball python is poisoned.
You kill the ball python!
You feel sick.
The jackal bites you but does no damage. x2
The goblin hits you with a +2 dagger of venom.
You are more poisoned.
You shoot an arrow. The arrow completely misses the jackal.
You die...

......#.##.#..##.#.#
......#....#.....#.#
##....#.............
.$....#.....P.8..#.#
...:...##..8P...#.#
####.##..##....##.#
...............##.#
....%##g.####......
# #..%@.####..##.##
####h%......... .
..............##.
............#.# #
.................
.#######.###.#.#.
#.# .# # #.. . ..> .


You could see a jackal and a goblin.

Vanquished Creatures
  5 endoplasms (D:1)
  2 giant cockroaches
  3 goblins (D:1)
  3 hobgoblins (D:1)
  3 jackals (D:2)
  3 ball pythons
  A ball python skeleton (D:2)
  A ball python zombie (D:2)
  2 bats (D:1)
  A frilled lizard (D:1)
  2 kobolds (D:1)
  3 rats (D:1)
29 creatures vanquished.

Notes
Turn   | Place    | Note
-------+----------+-------------------------------------------
     0 | D:1      | qw the Naga Hunter began the quest for the Orb.
     0 | D:1      | Reached XP level 1. HP: 19/19 MP: 1/1
     0 | D:1      | 0 ||| qw: Version: 0.2-a-29-g511e9b1
     0 | D:1      | 0 ||| qw: Game counter: 5273
     0 | D:1      | 0 ||| qw: Always use a shield: true
     0 | D:1      | 0 ||| qw: God list: Okawaru
     0 | D:1      | 0 ||| qw: Allow faded altars: false
     0 | D:1      | 0 ||| qw: Do Orc after D:15 true
     0 | D:1      | 0 ||| qw: Do second Lair branch before Depths: true
     0 | D:1      | 0 ||| qw: Lair rune preference: random
     0 | D:1      | 0 ||| qw: Plans: Normal
     0 | D:1      | 0 ||| PLANNING D:1-11
    43 | D:1      | 43 ||| INVOKING Spit Poison.
   108 | D:1      | 108 ||| INVOKING Spit Poison.
   114 | D:1      | 114 ||| INVOKING Spit Poison.
   115 | D:1      | Reached skill level 4 in Ranged Weapons
   115 | D:1      | Reached XP level 2. HP: 21/26 MP: 2/2
   147 | D:1      | 147 ||| INVOKING Spit Poison.
   150 | D:1      | 150 ||| INVOKING Spit Poison.
   186 | D:1      | 186 ||| INVOKING Spit Poison.
   216 | D:1      | 216 ||| INVOKING Spit Poison.
   269 | D:1      | 269 ||| INVOKING Spit Poison.
   286 | D:1      | 286 ||| INVOKING Spit Poison.
   297 | D:1      | 297 ||| INVOKING Spit Poison.
   397 | D:1      | 397 ||| INVOKING Spit Poison.
   398 | D:1      | Reached XP level 3. HP: 32/32 MP: 3/3
   507 | D:1      | 507 ||| INVOKING Spit Poison.
   520 | D:1      | 520 ||| UPGRADING to +4 ring of protection.
   521 | D:1      | 521 ||| READING scroll labelled RUSUOK GIEMEKH.
   525 | D:1      | 525 ||| READING scroll labelled MITYIJ MYPPUSH.
   626 | D:1      | 626 ||| DROPPING scroll of butterflies.
   753 | D:2      | 753 ||| INVOKING Spit Poison.
   756 | D:2      | 756 ||| INVOKING Spit Poison.
   760 | D:2      | 760 ||| INVOKING Spit Poison.
   763 | D:2      | 763 ||| INVOKING Spit Poison.
   763 | D:2      | HP: 6/32 [goblin/+2 dagger of venom (4)]
   764 | D:2      | Succumbed to a goblin's poison

Levels and vault maps discovered:
D:1:      roderic_crossed_star, layout_basic, hangedman_decor_slide_cut
D:2:      layout_basic, serial_undead, serial_undead_d, serial_undead_a,
          serial_undead_e, serial_undead_e,
          hellmonk_ecumenical_altar_arch_garden, uniq_jessica

Skill      XL: |  1 |
---------------+----+-----
Ranged Weapons | 4 |  4.6
Fighting       | |  2.0
Dodging        | |  1.5
Stealth        | |  1.5

Action                     || total
---------------------------++-------
   Fire: Shortbow          ||    46
Ability: Spit Poison       ||    16
    Use: Scroll            ||     2
 Armour: Leather armour    ||     8
  Dodge: Dodged            ||    12

Table legend:
 A = Non-vault XP
 B = Vault XP
 C = Vault XP percentage of total XP
 D = Non-vault monster count
 E = Vault monster count
 F = Vault count percentage of total count
                 A         B        C        D         E       F
            +---------+---------+-------+---------+---------+-------
      Total |      44 |       2 |   4.3 |      27 |       2 |   6.9
            +---------+---------+-------+---------+---------+-------
        D:1 |      35 |       0 |   0.0 |      22 |       0 |   0.0
        D:2 |       9 |       2 |  18.2 |       5 |       2 |  28.6
            +---------+---------+-------+---------+---------+-------
